[Event "Early-Titled-Tuesday-Blitz-February-27-2024"]
[Site "Chess.com"]
[Date "2024.02.27"]
[Round "1"]
[White "BilicVladimir"]
[Black "annamaja"]
[Result "1/2-1/2"]
[WhiteElo "2695"]
[BlackElo "2407"]
[TimeControl "180+1"]
[EndTime "8:07:48 PST"]
[Termination "Game drawn by repetition"]

1. e4 e6 2. d4 d5 3. Nd2 c5 4. exd5 Qxd5 5. Ngf3 cxd4 6. Bc4 Qd6 7. Qe2 Nc6 8. O-O Nf6 9. Nb3 e5 10. Ng5 Be6 11. Bxe6 fxe6 12. c3 d3 13. Qf3 Be7 14.
Rd1 Rd8 15. Be3 O-O 16. Bc5 Qd7 17. Bxe7 Qxe7 18. Rxd3 e4 19. Nxe4 Ne5 20. Nxf6+ Kh8 21. Qh3 Qxf6 22. Rxd8 Qxf2+ 23. Kh1 Rxd8 24. Qxe6 Rf8 25. h3 Ng6 26. Re1 Qxb2 27. Qe2 Qxc3 28. Rc1 Qg3 29. Qe4 h6 30. Nd4 b6 31. Nf5 Qg5 32. Rf1 Nh4 33. g4 Nxf5 34. Rxf5 Rxf5 35. gxf5 Qf6 36. Qe8+ Kh7 37. Qe4 a5 38. Kg2 b5 39.
Kf3 b4 40. Ke2 h5 41. Kd3 Qc3+ 42. Ke2 Qb2+ 43. Kf1 Qc1+ 44. Ke2 Qb2+ 45. Kf1 Kg8 46. Qe6+ Kf8 47. Qd6+ Kf7 48. Qe6+ Kf8 49. Qd6+ Kg8 50. Qe6+ Kf8 1/2-1/2

[Event "Early-Titled-Tuesday-Blitz-February-27-2024"]
[Site "Chess.com"]
[Date "2024.02.27"]
[Round "1"]
[White "ilya2700"]
[Black "HPanesso"]
[Result "1-0"]
[WhiteElo "2373"]
[BlackElo "2642"]
[TimeControl "180+1"]
[EndTime "8:07:48 PST"]
[Termination "ilya2700 won by resignation"]

1. c4 g6 2. d4 Bg7 3. Nc3 d6 4. e4 e5 5. dxe5 Bxe5 6. Nf3 Bg7 7. Be3 Nc6 8. h3 Nge7 9. Bd3 O-O 10. Qd2 f5 11. Bh6 fxe4 12. Bxe4 Be6 13. Bxg7 Kxg7 14. Nd5 Ne5 15. Qc3 Nc6 16. O-O-O Kg8 17. h4 Nxf3 18.
gxf3 Ne5 19. h5 Bf5 20. hxg6 Nxg6 21. Rdg1 Bxe4 22. fxe4 Qe8 23. Nxc7 Qe5 24. Qxe5 dxe5 25. Nxa8 Rxa8 26. Rh5 Re8 27. Rf5 Re7 28. Rf6 Kg7 29.
Rd6 Kf7 30. Kc2 b6 31. Kd3 Nf4+ 32. Ke3 Ne6 33. Rgd1 Kf6 34. b4 h5 35. c5 bxc5 36.
bxc5 h4 37. c6 Rc7 38. Rh1 Ke7 39. Rd7+ Rxd7 40. cxd7 Kxd7 41. Rxh4 Kd6 42. Rh6 a5 43. a4 Ke7 44. Rxe6+ Kxe6 45. f4 exf4+ 46. Kxf4 Kf6 47. e5+ Ke6 48. Ke4 Ke7 49. Kd5 Kd7 50. Kc5 Ke6 51. Kb5 Kxe5 52. Kxa5 Kd6 53. Kb6 Kd7 54. Kb7 1-0

[Event "Early-Titled-Tuesday-Blitz-February-27-2024"]
[Site "Chess.com"]
[Date "2024.02.27"]
[Round "1"]
[White "ScofieldMichael01"]
[Black "ViktoriyaTarasova"]
[Result "0-1"]
[WhiteElo "2610"]
[BlackElo "2314"]
[TimeControl "180+1"]
[EndTime "8:07:48 PST"]
[Termination "ViktoriyaTarasova won by checkmate"]

1. e4 e5 2. Nf3 Nc6 3. d4 exd4 4. Bc4 Nf6 5. e5 d5 6. Bb5 Ne4 7. Nxd4 Bd7 8. Bxc6 bxc6 9. O-O Be7 10. f3 Nc5 11.
Be3 Ne6 12. c3 Rb8 13. b3 c5 14. Nf5 Bb5 15. Rf2 Bc6 16. Na3 g6 17. Nxe7 Qxe7 18.
Nc2 O-O 19. Qd2 Rfd8 20. Rd1 Rd7 21. Bh6 Rbd8 22. Ne1 c4 23. Nc2 cxb3 24. axb3 d4 25. cxd4 Bd5 26. Qc3 Rb8 27. b4 a5 28. bxa5 Rb3 29. Qd2 Rb2 30. a6 Rd8 31. Qc3 Ra2 32.
Ra1 Rxa1+ 33. Qxa1 Bb3 34. a7 Qe8 35. Be3 Bxc2 36.
Rxc2 Ra8 37. Ra2 Qb5 38. Kf2 Qc4 39. Qb2 c5 40. Qb8+ Kg7 41. Qxa8 Qxa2+ 42. Kg3 cxd4 43. Qb7 Qa5 44. f4 dxe3 45. a8=Q Qe1+ 46. Kg4 h5+ 47. Kh3 Nxf4# 0-1

[Event "Early-Titled-Tuesday-Blitz-February-27-2024"]
[Site "Chess.com"]
[Date "2024.02.27"]
[Round "1"]
[White "FARIZA2018"]
[Black "rcmz"]
[Result "1-0"]
[WhiteElo "2584"]
[BlackElo "2198"]
[TimeControl "180+1"]
[EndTime "8:07:48 PST"]
[Termination "FARIZA2018 won by resignation"]

1. e4 e6 2. d4 a6 3. Nf3 b5 4.
Bd3 Bb7 5. O-O c5 6. c3 Nf6 7. e5 Nd5 8. dxc5 Bxc5 9. Nbd2 Qc7 10. Ne4 Be7 11. Re1 Nc6 12. Ng3 g6 13. Be4 Nb6 14.
Bf4 Nd8 15. Bxb7 Nxb7 16. Ne4 Nd5 17. Bg3 h5 18. Nd6+ Kf8 19. Qd4 Kg8 20. Nxb7 Qxb7 21. Bh4 Rc8 22. Bxe7 Nxe7 23. Rad1 Rc7 24. Ng5 Nf5 25. Qf4 Rc4 26. Ne4 Kg7 27. b3 Rxe4 28. Qxe4 Qxe4 29. Rxe4 Rc8 30. c4 Rc7 31. cxb5 axb5 32.
Rb4 Rc5 33. Re4 Rc7 34. f4 Kf8 35. Rb4 Ne3 36. Re1 Nd5 37. Rxb5 Nxf4 38. g3 Nd3 39. Rd1 Rc3 40. a4 Ke7 41. a5 Nc5 42. b4 Na6 43.
Rb6 Rc6 44. b5 Rxb6 45. axb6 Nc5 46. Rc1 d6 47. exd6+ Kxd6 48. Rxc5 Kxc5 49. b7 Kxb5 50. b8=Q+ 1-0

[Event "Early-Titled-Tuesday-Blitz-February-27-2024"]
[Site "Chess.com"]
[Date "2024.02.27"]
[Round "1"]
[White "dpopadic"]
[Black "SirStrateg"]
[Result "0-1"]
[WhiteElo "2363"]
[BlackElo "2661"]
[TimeControl "180+1"]
[EndTime "8:07:49 PST"]
[Termination "SirStrateg won on time"]

1. e4 Nf6 2. e5 Nd5 3. d4 Nb6 4.
a4 a5 5. Nf3 d5 6. Bd3 Bg4 7.
h3 Bxf3 8. Qxf3 e6 9. O-O c5 10. c3 Nc6 11. Be3 Rc8 12. Qg3 g6 13. Bb5 cxd4 14.
cxd4 h5 15. Nd2 Be7 16. Nf3 h4 17. Qg4 Rh5 18. Rac1 Kf8 19. b3 Kg7 20. Bxc6 bxc6 21. Rc2 Nd7 22. Rfc1 Qb6 23. Nd2 Ba3 24. Ra1 Bb4 25.
Rb1 Qd8 26. Rbc1 c5 27. dxc5 Nxe5 28. Bd4 Kg8 29. Bxe5 Rxe5 30. Nf3 Re4 31. Qg5 Ba3 32. Ra1 Bb4 33. Rac1 Qxg5 34. Nxg5 Rd4 35. c6 Rd2 36. Nf3 Rxc2 37. Rxc2 Kf8 38. Nd4 Ke7 39. Nb5 e5 40.
Kf1 d4 41. Ke2 Ke6 42. f3 Kd5 43. c7 Bd6 44. b4 axb4 45. a5 b3 46. Rb2 Bxc7 47.
Rxb3 Bxa5 48. Na3 f5 49. Rb5+ Rc5 50. Rb7 e4 0-1

[Event "Early-Titled-Tuesday-Blitz-February-27-2024"]
[Site "Chess.com"]
[Date "2024.02.27"]
[Round "1"]
[White "JAN2404"]
[Black "aistrel"]
[Result "0-1"]
[WhiteElo "1965"]
[BlackElo "2548"]
[TimeControl "180+1"]
[EndTime "8:07:50 PST"]
[Termination "aistrel won on time"]

1. e4 c6 2. Nf3 d5 3. exd5 cxd5 4. d4 Nf6 5. Bd3 Bg4 6. Bg5 Qb6 7. Nc3 Nbd7 8. Bb5 O-O-O 9. O-O e6 10. Bxd7+ Rxd7 11. Qd3 Bxf3 12. gxf3 Bd6 13. Ne2 Kb8 14. b3 Rc8 15.
Rfc1 Ka8 16. Be3 Rdc7 17. c3 Qa5 18. Rc2 h6 19. Rac1 Ba3 20. Rb1 Ne8 21. b4 Qa4 22. Rb3 Nd6 23. Bc1 Bxc1 24. Rxc1 Qxa2 25. Rbb1 a6 26.
b5 Nxb5 27. Ra1 Qc4 28. Qd2 Kb8 29. Rc2 g5 30. Rb2 Nxc3 31. Nxc3 Qxc3 32. Qxc3 Rxc3 33. Rxa6 Rxf3 34. Rd6 Rf4 35. Rd7 Rc7 36. Rd8+ Ka7 37. Ra2+ Kb6 38. Rb2+ Kc6 39. Rh8 Rd7 40. Rxh6 Rxd4 41.
Rc2+ Kd6 42. Rh8 Rc4 43. Rd2 d4 44. Rh3 Ke5 45. Rb3 Kf6 46. Kg2 e5 47. Kf3 Kf5 48. h3 e4+ 49. Kg2 Rc5 50. Kf1 d3 51. Rdb2 Rc1+ 0-1

[Event "Early-Titled-Tuesday-Blitz-February-27-2024"]
[Site "Chess.com"]
[Date "2024.02.27"]
[Round "1"]
[White "dosto07"]
[Black "Grandmaster1369"]
[Result "1-0"]
[WhiteElo "2471"]
[BlackElo "2789"]
[TimeControl "180+1"]
[EndTime "8:07:51 PST"]
[Termination "dosto07 won by resignation"]

1. e4 c5 2. Nf3 e6 3. c3 d5 4. exd5 Qxd5 5. d4 Nf6 6. Na3 Nc6 7. Nb5 Qd8 8. Be3 Nd5 9. Bg5 f6 10. Bd2 a6 11. Na3 cxd4 12. Nxd4 Bxa3 13. Nxc6 bxc6 14. bxa3 O-O 15. Bd3 e5 16. O-O f5 17. c4 Nf4 18.
Bxf4 exf4 19. Re1 Qc7 20. c5 a5 21. Bc4+ Kh8 22. Qd6 Qxd6 23. cxd6 Bd7 24. Re7 Rad8 25. Rd1 Rf6 26. h4 h5 27. Be2 Be8 28. Bf3 Kg8 29. Re5 Kf8 30. Rxa5 Rdxd6 31. Rxd6 Rxd6 32. Rxf5+ Ke7 33. Rxf4 Rd2 34. Re4+ Kd8 35. Re2 Rd3 36. a4 Ra3 37. Kh2 Rxa4 38. Kg3 Bd7 39. Rc2 Kc7 40. Rc5 g6 41.
Rg5 Kd6 42. Rxg6+ Kc7 43. Rg5 Rxa2 44. Bxh5 Rc2 45. Bf3 c5 46. h5 Kd6 47. h6 Rc1 48. Rh5 Rh1 49. Rxh1 1-0

[Event "Early-Titled-Tuesday-Blitz-February-27-2024"]
[Site "Chess.com"]
[Date "2024.02.27"]
[Round "1"]
[White "ketster"]
[Black "bolwin"]
[Result "1-0"]
[WhiteElo "2608"]
[BlackElo "2256"]
[TimeControl "180+1"]
[EndTime "8:07:51 PST"]
[Termination "ketster won by checkmate"]

1. d4 Nf6 2. c4 c5 3. d5 e6 4. Nc3 exd5 5. cxd5 d6 6. e4 g6 7. Nge2 Bg7 8. Ng3 O-O 9. Be2 a6 10. a4 Nbd7 11. O-O Qc7 12. Bg5 h6 13. Be3 Rb8 14. Qd2 Kh7 15. f4 c4 16. Rac1 b5 17. axb5 axb5 18. b4 Re8 19. Bf3 Nf8 20. h3 h5 21.
Nge2 Bd7 22. Nd4 Ra8 23. Ndxb5 Qb8 24. Nd4 Qxb4 25. Rb1 Qa5 26. Nc6 Qc7 27. Nb5 Qc8 28. Nxd6 Qc7 29. Nxe8 Nxe8 30. e5 Bxc6 31. dxc6 Ne6 32.
Rb7 Qc8 33. Rxf7 Ra3 34. f5 Rd3 35. Qe2 gxf5 36. Bxh5 f4 37. Bxf4 Qxc6 38. Qg4 Nxf4 39. R7xf4 Rd2 40. Qf5+ Kh8 41. Rg4 Qc5+ 42. Kh1 Qxe5 43.
Qxe5 Bxe5 44. Bxe8 c3 45. Rf5 c2 46. Rh5# 1-0

[Event "Early-Titled-Tuesday-Blitz-February-27-2024"]
[Site "Chess.com"]
[Date "2024.02.27"]
[Round "1"]
[White "mestrefeitosa19"]
[Black "Agent-JL"]
[Result "0-1"]
[WhiteElo "2255"]
[BlackElo "2607"]
[TimeControl "180+1"]
[EndTime "8:07:52 PST"]
[Termination "Agent-JL won on time"]

1. c4 e5 2. Nc3 Nf6 3. Nf3 Nc6 4. e3 Bb4 5. d4 Bxc3+ 6. bxc3 e4 7. Nd2 O-O 8. Be2 d6 9. O-O Re8 10. a4 Na5 11. Ba3 b6 12. c5 bxc5 13. dxc5 d5 14. Nb3 c6 15. Nxa5 Qxa5 16. Bb4 Qc7 17. a5 Be6 18. a6 Nd7 19. Qd2 Rab8 20. Rfb1 Ne5 21.
h3 Qe7 22. Qd4 Qg5 23. Kh2 h5 24. Ba5 Rbc8 25. Rb7 Bf5 26. Bc7 Ng6 27. Bd6 h4 28. Rxa7 Be6 29. Rb7 f6 30. a7 Ra8 31. Rb8 Kf7 32. Qa4 Ne5 33. Qa6 Bc8 34. Qb6 Bd7 35. Qc7 Ke6 36. Rxe8+ Bxe8 37. Qe7+ Kf5 38. Bxe5 fxe5 39.
g4+ hxg3+ 40. fxg3 Qxe7 41. Rf1+ Kg6 42. h4 Qe6 43.
h5+ Kh6 44. g4 Rxa7 45. Rf5 Qxf5 46. Kg3 Bxh5 0-1

[Event "Early-Titled-Tuesday-Blitz-February-27-2024"]
[Site "Chess.com"]
[Date "2024.02.27"]
[Round "1"]
[White "Kunalm64"]
[Black "Alblooshi_Hamad"]
[Result "1-0"]
[WhiteElo "2577"]
[BlackElo "2168"]
[TimeControl "180+1"]
[EndTime "8:07:52 PST"]
[Termination "Kunalm64 won by checkmate"]

1. e4 e5 2. Nf3 Nc6 3. Bb5 a6 4. Ba4 Nf6 5. O-O Be7 6. Re1 b5 7. Bb3 d6 8. c3 O-O 9. d4 exd4 10. cxd4 Bg4 11. Be3 d5 12. e5 Ne4 13. h3 Bh5 14.
Nbd2 Nxd2 15. Qxd2 Bxf3 16. gxf3 Bb4 17. Qc2 Bxe1 18. Qxc6 Bb4 19. Bxd5 Ra7 20. f4 Ba5 21. a4 bxa4 22. Rxa4 Bb6 23. f5 Kh8 24. Bg2 f6 25. e6 Qd6 26. Qxd6 cxd6 27. Bc6 a5 28. Bd7 Bd8 29. b4 Rb7 30. b5 g6 31. fxg6 hxg6 32. d5 Kg7 33. Bc6 Rb8 34. Bd2 f5 35. Bxa5 Bxa5 36. Rxa5 Kf6 37. f4 g5 38. fxg5+ Kxg5 39. e7 Rg8 40. Kf2 Kf4 41. Ra4+ Ke5 42. Ra1 Kf6 43. Re1 Kf7 44. e8=Q+ Rgxe8 45. Rxe8 Rxe8 46. Bxe8+ Kxe8 47. Kf3 Kd7 48. Kf4 Kc7 49. Kxf5 Kb6 50. Ke6 Kxb5 51. Kxd6 Kc4 52. Ke6 Kd4 53. d6 Ke4 54. d7 Kf4 55. d8=Q Kg3 56. Qg5+ Kxh3 57. Kf5 Kh2 58. Kf4 Kh1 59. Kf3 Kh2 60. Qg2# 1-0

[Event "Early-Titled-Tuesday-Blitz-February-27-2024"]
[Site "Chess.com"]
[Date "2024.02.27"]
[Round "1"]
[White "DuleMudule"]
[Black "ikhasu"]
[Result "1-0"]
[WhiteElo "2847"]
[BlackElo "2476"]
[TimeControl "180+1"]
[EndTime "8:07:53 PST"]
[Termination "DuleMudule won on time"]

1. d4 d5 2. Bg5 Nd7 3. c4 h6 4. Bh4 c6 5. cxd5 cxd5 6. Nc3 Ngf6 7. e3 g6 8. Rc1 Bg7 9. Bd3 O-O 10. Nf3 a6 11.
O-O b5 12. a4 b4 13. Na2 Qb6 14. Bg3 Ra7 15. Qb3 a5 16. Bb5 Ba6 17. Rc6 Qb7 18.
Rc7 Qb6 19. Rfc1 Bxb5 20. axb5 Rxc7 21. Rxc7 Qxb5 22. Nc3 Qd3 23. Qd1 Qa6 24. Na4 Qb5 25. b3 Ne4 26. Qf1 Qxf1+ 27. Kxf1 Nxg3+ 28. hxg3 Rd8 29. Ke2 Bf6 30. Ra7 e5 31. Rxa5 exd4 32. exd4 Rc8 33. Rxd5 Nf8 34. Rc5 Re8+ 35. Kd3 g5 36. g4 Ne6 37. Rf5 Nf4+ 38. Kc4 Kg7 39. g3 Ne2 40. Nc5 Rc8 41. Ne5 Rd8 42. Nc6 Rd6 43. d5 Nc1 44. Ne4 1-0

[Event "Early-Titled-Tuesday-Blitz-February-27-2024"]
[Site "Chess.com"]
[Date "2024.02.27"]
[Round "1"]
[White "talaicito"]
[Black "GaiozNigalidze"]
[Result "0-1"]
[WhiteElo "2286"]
[BlackElo "2620"]
[TimeControl "180+1"]
[EndTime "8:07:53 PST"]
[Termination "GaiozNigalidze won on time"]

1. d4 Nf6 2. Bf4 g6 3. Nc3 Bg7 4. e4 d6 5. Qd2 Nc6 6. O-O-O O-O 7. Bh6 e5 8. d5 Nd4 9. f3 Nh5 10.
Nge2 Nxe2+ 11. Nxe2 Bxh6 12. Qxh6 Qf6 13. h4 Bd7 14. Qg5 Qxg5+ 15. hxg5 Bb5 16. Rh4 Bxe2 17. Bxe2 Kg7 18. Rdh1 Rh8 19. Bb5 a6 20. Bd7 Nf4 21. R1h2 Rad8 22. Bg4 Ne2+ 23. Kd2 Nd4 24. c3 Nb5 25. a4 Na7 26. g3 Rde8 27. Kd3 c6 28. dxc6 bxc6 29. b4 Re7 30. a5 Nb5 31. f4 d5 32. f5 dxe4+ 33. Kc4 gxf5 34. Bxf5 Nd6+ 35. Kc5 Nxf5 36. Rxe4 Nxg3 37. Re3 Nf5 38. Re4 Rd8 39. Rf2 Nd6 40. Rh4 Nb5 41. Rfh2 Rh8 42. Kxc6 Re6+ 43. Kc5 Nxc3 0-1

[Event "Early-Titled-Tuesday-Blitz-February-27-2024"]
[Site "Chess.com"]
[Date "2024.02.27"]
[Round "1"]
[White "Vesapesa"]
[Black "CarlosjPineror"]
[Result "1-0"]
[WhiteElo "2227"]
[BlackElo "2577"]
[TimeControl "180+1"]
[EndTime "8:07:56 PST"]
[Termination "Vesapesa won by checkmate"]

1. e4 c5 2. Nf3 e6 3. c4 a6 4. Nc3 Qc7 5. Be2 Nc6 6. d4 cxd4 7. Nxd4 Nf6 8. O-O Be7 9. Be3 d6 10. Rc1 Ne5 11. f4 Ng6 12. Bf3 O-O 13. b3 Bd7 14. f5 Ne5 15. Bf4 Rac8 16. Kh1 Qb8 17. a4 Rfd8 18. Be2 Nc6 19. Bg3 Qa7 20. Bf2 Qb8 21. Bg3 Ne5 22. Qe1 Rf8 23. Bf4 b6 24. Qg3 Kh8 25.
Rfd1 Rg8 26. Nf3 Nh5 27. Qf2 Nxf4 28. Nxe5 dxe5 29. Rxd7 Bc5 30. Qh4 Rc7 31. Rcd1 Rxd7 32. Rxd7 Qe8 33. Rd1 f6 34. g3 Nxe2 35. Nxe2 exf5 36.
exf5 Qa8+ 37. Rd5 Qc8 38. Qe4 Rd8 39. Nc3 Rf8 40. h4 Qe8 41. Kg2 Qh5 42. Qf3 Qe8 43. Ne4 Bb4 44. h5 Qe7 45. h6 gxh6 46. Qh5 Qg7 47.
Rd1 a5 48. Rh1 Qb7 49. Kf3 Rd8 50. Qxh6 Rd3+ 51. Kf2 Bc5+ 52. Kf1 Qxe4 53. Qxh7# 1-0

[Event "Early-Titled-Tuesday-Blitz-February-27-2024"]
[Site "Chess.com"]
[Date "2024.02.27"]
[Round "1"]
[White "ExchangeAB"]
[Black "shimastream"]
[Result "0-1"]
[WhiteElo "2521"]
[BlackElo "2979"]
[TimeControl "180+1"]
[EndTime "8:07:58 PST"]
[Termination "shimastream won by resignation"]

1. d4 Nf6 2. Nf3 b5 3. c3 e6 4. Bf4 Bb7 5. e3 a6 6. Nbd2 c5 7. Bd3 Be7 8. O-O O-O 9. e4 d6 10. h3 Nc6 11. Qe2 cxd4 12. cxd4 Rc8 13. Rac1 Nd7 14.
Bb1 Nb6 15. Rfd1 Qd7 16. Nf1 Na5 17. Ng3 Rxc1 18. Rxc1 Rc8 19. Rxc8+ Qxc8 20. Qc2 Qd8 21. b3 Nc6 22. d5 Nb8 23. e5 g6 24. exd6 Bxd6 25.
Bxd6 Qxd6 26. Ne4 Qd8 27. dxe6 fxe6 28. Ne5 N8d7 29. Nxd7 Nxd7 30. Nd6 Bd5 31. Qc8 Qxc8 32. Nxc8 Kf8 33. Nd6 Ke7 34. Ne4 Bxe4 35. Bxe4 b4 36. Kf1 Kd6 37. Ke2 Nf6 38. Ke3 a5 39. f4 e5 40. f5 g5 41. g4 h6 42. Bf3 Nd7 43. Bd1 Nb6 44. Bf3 Kc5 45. Bg2 Kd6 46. Bf3 Nc8 47. Be4 Na7 48. Bd3 Nc6 49. Be2 Nd4 50. Bd1 Nb5 51. Kd2 e4 52. Bc2 Ke5 53. Ke3 Nc3 54.
f6 Nd5+ 55. Ke2 Nxf6 56. Ke3 Nd5+ 57. Ke2 Kd4 0-1

[Event "Early-Titled-Tuesday-Blitz-February-27-2024"]
[Site "Chess.com"]
[Date "2024.02.27"]
[Round "1"]
[White "FernandoArauzAlonso"]
[Black "Orest_Vovk"]
[Result "1-0"]
[WhiteElo "2661"]
[BlackElo "2568"]
[TimeControl "180+1"]
[EndTime "8:07:59 PST"]
[Termination "FernandoArauzAlonso won by resignation"]

1. Nf3 h6 2. g3 g5 3. d3 g4 4. Nh4 d5 5. b3 Bg7 6. c3 Nc6 7. Bb2 e5 8. Nd2 Be6 9. e4 Nf6 10. Qc2 d4 11. c4 Nh5 12. f3 Bf6 13. fxg4 Bxg4 14. Nhf3 Nb4 15. Qb1 c5 16. a3 Nc6 17.
Be2 Bg5 18. Qd1 Be3 19. Nf1 Qf6 20. Nxe3 dxe3 21. Bc1 Nd4 22. O-O Bh3 23. Nxd4 Bxf1 24. Nf5 Bxe2 25. Qxe2 Ng7 26. Nxg7+ Qxg7 27. Bxe3 b6 28.
Rf1 O-O-O 29. Qh5 f6 30. b4 Rxd3 31. Bf2 cxb4 32. axb4 Rhd8 33. c5 bxc5 34. Bxc5 Qd7 35. Qxh6 Rd1 36. Qxf6 Rxf1+ 37. Qxf1 Kb7 38. Qf5 Qd1+ 39.
Kg2 Qd2+ 40. Kh3 Qd7 41. g4 Qxf5 42. exf5 Kc6 43. f6 e4 44. f7 e3 45. Kg2 e2 46.
Kf2 a5 47. f8=Q Rxf8+ 48. Bxf8 a4 49. Kxe2 Kd5 50. b5 a3 51. Bxa3 1-0

[Event "Early-Titled-Tuesday-Blitz-February-27-2024"]
[Site "Chess.com"]
[Date "2024.02.27"]
[Round "1"]
[White "Tonychess32"]
[Black "artin10862"]
[Result "1-0"]
[WhiteElo "2521"]
[BlackElo "2888"]
[TimeControl "180+1"]
[EndTime "8:08:00 PST"]
[Termination "Tonychess32 won by resignation"]

1. c4 e5 2. e3 Nf6 3. Nc3 d6 4. d3 g6 5. Nf3 Bg7 6. Be2 O-O 7. O-O Re8 8. Re1 c6 9. a3 d5 10. b4 e4 11. Nd4 exd3 12. Bxd3 dxc4 13. Bxc4 Nbd7 14.
Bb2 Qe7 15. Qe2 a5 16. b5 c5 17. Nf3 Nb6 18. Ba2 Be6 19. Bxe6 Qxe6 20. Rad1 Qb3 21. Rb1 Rad8 22. Rec1 Qe6 23. a4 Ne4 24. Nxe4 Qxe4 25. Bxg7 Kxg7 26. Qe1 Nxa4 27. Ra1 b6 28. Qe2 Qb4 29. Qc2 Re4 30. h3 h6 31. Rab1 Nc3 32.
Rxb4 axb4 33. Qb2 Kg8 34. Rxc3 bxc3 35. Qxc3 Re6 36. Qa3 Kg7 37. Qb2+ Kg8 38. Kh2 Red6 39. Qe5 Re6 40. Qc7 Rd5 41. e4 Rd1 42. e5 Rd5 43. Qa7 Kg7 44. Qa4 Rd7 45. Qc4 Rd1 46. Qe4 Rd8 47. g4 Rde8 48. Qf4 R8e7 49. h4 Re8 50. g5 hxg5 51. Nxg5 R6e7 52. Qf6+ Kg8 53. e6 fxe6 54.
Qxg6+ Kf8 55. Nh7+ Rxh7 56. Qxh7 Re7 57. Qh6+ Ke8 58.
Qh8+ Kd7 59. Qe5 Rf7 60. Kg3 Rf5 61. Qe4 Kd6 62. Qc6+ Ke7 63. Qxb6 Rd5 64. Qc7+ 1-0

[Event "Early-Titled-Tuesday-Blitz-February-27-2024"]
[Site "Chess.com"]
[Date "2024.02.27"]
[Round "1"]
[White "GilbertoHernandezAmura"]
[Black "starworld123"]
[Result "0-1"]
[WhiteElo "2471"]
[BlackElo "2839"]
[TimeControl "180+1"]
[EndTime "8:08:01 PST"]
[Termination "starworld123 won by resignation"]

1. e4 e6 2. Nc3 d5 3. d3 Nf6 4. e5 Nfd7 5. Nf3 c5 6. h4 Nc6 7. Bf4 Be7 8. g3 b6 9. Bg2 Bb7 10. O-O a6 11. a4 Qc7 12. Re1 h6 13. h5 g5 14. hxg6 fxg6 15. Bh3 Nf8 16. d4 Rg8 17. Bxh6 Nd8 18. Qd2 Nf7 19. Bxf8 Rxf8 20. Bxe6 cxd4 21. Nxd5 Qc5 22. b4 Qc6 23. Nxd4 Ng5 24. Re3 Qxd5 25.
Bxd5 Bxd5 26. f4 Rh8 27. fxg5 Rh1+ 28. Kf2 Rh2+ 29. Ke1 Rxd2 30. Kxd2 Bxg5 31. Rf1 Rc8 32. c3 Bxe3+ 33. Kxe3 Rxc3+ 34. Kf4 Rc4 35. Ke3 Rxb4 36. Rf6 g5 37. a5 bxa5 38. Rxa6 a4 39. Nf5 Re4+ 40. Kd3 Rxe5 41. Nd6+ Kd7 42. Nb5 Be4+ 43. Kc4 Rxb5 44. Ra7+ Rb7 45. Rxa4 Ke6 46. Ra5 g4 47. Kd4 Bf3 48. Ke3 Rd7 49. Kf4 Rd4+ 50. Kg5 Rd5+ 0-1

[Event "Early-Titled-Tuesday-Blitz-February-27-2024"]
[Site "Chess.com"]
[Date "2024.02.27"]
[Round "1"]
[White "Muslim_player_05"]
[Black "SchmakAttack"]
[Result "0-1"]
[WhiteElo "2464"]
[BlackElo "2828"]
[TimeControl "180+1"]
[EndTime "8:08:02 PST"]
[Termination "SchmakAttack won by resignation"]

1. d4 d5 2. c4 e6 3. Nc3 c6 4.
cxd5 exd5 5. Bf4 Bd6 6. Bxd6 Qxd6 7. e3 Bf5 8. Nge2 Nd7 9. Ng3 Bg6 10. h4 h6 11. h5 Bh7 12. Be2 Ne7 13. Bd3 Bxd3 14. Qxd3 Nf6 15. O-O-O O-O 16. Kb1 b5 17. Nce2 a5 18.
Rc1 a4 19. f3 Nd7 20. Nf5 Nxf5 21. Qxf5 Nb6 22. g4 Nc4 23. e4 Qb4 24. Rxc4 bxc4 25.
a3 Qd2 26. exd5 Qxe2 27. dxc6 c3 28. Qc2 Qxf3 29. Rc1 Qxc6 30. Qxc3 Qxc3 31. bxc3 Rab8+ 32. Kc2 Rb3 33. d5 Rc8 34. Kd3 Rxa3 35. Kd4 Rb3 36. d6 a3 37. c4 a2 38. Ra1 Ra8 39. d7 Rd8 40. Rxa2 Rxd7+ 41. Kc5 Rg3 42. Ra8+ Kh7 43.
Kc6 Rd4 44. c5 Rgxg4 45. Ra7 Rg5 46. Rxf7 Rc4 47. Kd6 Rcxc5 48. Ke6 Rxh5 49. Rf4 Rhg5 50. Kd6 Rcf5 51. Re4 Rf6+ 52. Ke7 h5 53. Re3 h4 54. Re4 Rh5 55. Rg4 h3 56. Rg1 h2 57. Rh1 Rg6 0-1

[Event "Early-Titled-Tuesday-Blitz-February-27-2024"]
[Site "Chess.com"]
[Date "2024.02.27"]
[Round "1"]
[White "ansko1999"]
[Black "Al_Shima"]
[Result "1-0"]
[WhiteElo "2708"]
[BlackElo "2399"]
[TimeControl "180+1"]
[EndTime "8:08:03 PST"]
[Termination "ansko1999 won on time"]

1. Nf3 d5 2. e3 c5 3. b3 Nc6 4.
Bb2 a6 5. d4 cxd4 6. Nxd4 Nf6 7. Nd2 Qc7 8. Be2 e6 9. O-O Be7 10. c4 O-O 11. Rc1 Rd8 12. cxd5 exd5 13. Qc2 Bd7 14. Nf5 Bxf5 15. Qxf5 Qd7 16. Qxd7 Nxd7 17. Nf3 Bf6 18. Bxf6 Nxf6 19. Rfd1 Rac8 20. a3 Na5 21.
Nd4 Ne4 22. Bg4 Rxc1 23. Rxc1 g6 24. Rc7 h5 25. Bd1 Nd6 26. Rc5 Nc6 27. Rxd5 Nxd4 28.
Rxd4 Kf8 29. Kf1 Ke7 30. Ke2 Nb5 31. Rxd8 Kxd8 32. a4 Nd6 33. b4 Ke7 34. Kd3 b6 35. Bb3 Kf6 36. Kd4 Ke7 37. Bd5 Kd7 38. e4 f6 39. f4 Ke7 40. g3 Ne8 41. e5 Nc7 42.
Be4 f5 43. Bd5 Ne8 44. Bb7 Nc7 45. a5 bxa5 46. bxa5 Kd7 47. Kc5 Ne6+ 48. Kb6 Nd4 49. Bxa6 1-0

[Event "Early-Titled-Tuesday-Blitz-February-27-2024"]
[Site "Chess.com"]
[Date "2024.02.27"]
[Round "1"]
[White "Kimkibo"]
[Black "burbur555"]
[Result "0-1"]
[WhiteElo "2126"]
[BlackElo "2568"]
[TimeControl "180+1"]
[EndTime "8:08:04 PST"]
[Termination "burbur555 won on time"]

1. d4 c6 2. Nf3 d5 3. Bf4 Qb6 4. Qc1 Bf5 5. e3 e6 6. Nbd2 Nf6 7. Be2 Nbd7 8. O-O Nh5 9. Bg5 h6 10. Bh4 g5 11. Ne5 Nxe5 12. dxe5 gxh4 13. Bxh5 h3 14. g3 Bg7 15. e4 Bxe4 16. Nxe4 dxe4 17. Qf4 O-O 18.
Qxe4 Qxb2 19. Rab1 Qxe5 20. Qxe5 Bxe5 21. Rxb7 Bd4 22. Bg4 Rad8 23. Bxh3 Bb6 24. Bg2 Rd2 25. Be4 Rfd8 26. Bd3 c5 27. a4 c4 28. Bxc4 Rxc2 29.
a5 Bc5 30. Bb3 Rb2 31. Rc1 Bxf2+ 32. Kh1 Be3 33. Rc2 Rd1+ 34. Kg2 Rxc2+ 35. Bxc2 Rd2+ 36. Kf3 Bg1 37. Be4 Rxh2 38. Bc6 Kf8 39. Rb8+ Kg7 40.
Rb7 h5 41. Be8 Rf2+ 42. Ke4 Rf5 43. a6 Kf8 44. Bd7 Bf2 45. Kd3 Bg1 46. Ke4 Kg7 47. Kd3 Rf3+ 48. Ke4 Rf6 49. Bc8 Kg6 50. Bd7 Rf1 0-1

[Event "Early-Titled-Tuesday-Blitz-February-27-2024"]
[Site "Chess.com"]
[Date "2024.02.27"]
[Round "1"]
[White "Eagle_2019"]
[Black "Cheer_Down"]
[Result "1-0"]
[WhiteElo "2900"]
[BlackElo "2501"]
[TimeControl "180+1"]
[EndTime "8:08:06 PST"]
[Termination "Eagle_2019 won on time"]

1. Nf3 Nf6 2. c4 b6 3. g3 Bb7 4. Bg2 e6 5. O-O Be7 6. Nc3 O-O 7. Re1 d5 8. cxd5 exd5 9. d4 Na6 10. Bf4 c5 11.
Rc1 h6 12. dxc5 Nxc5 13. Be5 Nce4 14. Bd4 Re8 15. Nb5 Bc5 16. h3 a6 17. Nc3 Rc8 18. a3 b5 19. Qd3 Qb6 20. Bxc5 Rxc5 21. Qd4 Qc7 22. Na2 Rc4 23. b3 Rc2 24. Qd3 Rc8 25.
Nd4 Rc5 26. Rxc5 Qxc5 27. b4 Qc4 28. Nc1 Qc3 29. Rd1 Qb2 30. Qb3 Qc3 31. Qxc3 Rxc3 32. Ncb3 Kf8 33. g4 g6 34. f3 Nd6 35. Nc5 Bc8 36. Rd3 Rc1+ 37. Kf2 Nc4 38. Ndb3 Rc2 39. Nd4 Ra2 40. f4 g5 41. fxg5 hxg5 42. Bf3 Nxa3 43. Rc3 Nc4 44. Kg3 Rd2 45. Nf5 Bxf5 46. gxf5 d4 47.
Rc1 1-0

[Event "Early-Titled-Tuesday-Blitz-February-27-2024"]
[Site "Chess.com"]
[Date "2024.02.27"]
[Round "1"]
[White "baki83"]
[Black "AjedrezenMadrid"]
[Result "0-1"]
[WhiteElo "2838"]
[BlackElo "2499"]
[TimeControl "180+1"]
[EndTime "8:08:06 PST"]
[Termination "AjedrezenMadrid won on time"]

1. e4 c6 2. d4 d5 3. e5 Bf5 4. Nf3 e6 5. Bd3 Bxd3 6. Qxd3 c5 7. c3 Nc6 8. O-O Qb6 9. a3 Qa6 10. Qd1 Rc8 11. Be3 Nge7 12. dxc5 Nf5 13. Bd4 Be7 14.
Re1 O-O 15. b4 b6 16. cxb6 Ncxd4 17. cxd4 Bxb4 18. Rf1 axb6 19. Ra2 Rc4 20. g4 Ne7 21.
Qe2 Ra8 22. Kg2 Ng6 23. Kg3 b5 24. h4 Bf8 25. h5 Ne7 26. Qd3 b4 27. Rd1 Nc6 28.
Ng5 g6 29. hxg6 hxg6 30. Qf3 Qb7 31. Qh1 Bg7 32. Rb2 Nxd4 33. f4 Qc7 34. Rh2 Rc3+ 35. Nxc3 Qxc3+ 36. Kh4 Bxe5 37. Rh3 Bxf4 38. Rxc3 Kg7 39.
Kh3 Rh8+ 40. Kg2 Rxh1 41. Rxh1 bxc3 42. Nh3 Bd2 43. a4 c2 44. a5 c1=Q 45. Rxc1 Bxc1 46.
a6 Nc6 47. Nf2 Ba3 48. Nd3 Bd6 49. Kf3 e5 50. Ke2 e4 51. Nc1 d4 52. Nb3 d3+ 53.
Ke3 f5 54. gxf5 gxf5 55. Na5 Nxa5 56. Kd4 Bb8 57. Kd5 Ba7 58. Ke6 d2 59. Ke7 e3 60.
Ke8 e2 61. Ke7 e1=Q+ 0-1